 Dungeon Crawl Stone Soup version 0.31-a0-145-g046c7d2549 (webtiles) character file.

Game seed: 9548506838443907397

269 olmar the Grave Robber (level 6, -4/42 HPs)
             Began as a Mummy Necromancer on June 6, 2023.
             Slain by a gnoll
             ... wielding a +0 spear
              (7 damage)
             ... on level 4 of the Dungeon.
             The game lasted 00:06:05 (2719 turns).

olmar the Grave Robber (Mummy Necromancer)          Turns: 2719, Time: 00:06:05

Health: -4/42      AC:  2    Str: 11    XL:     6   Next: 1%
Magic:  5/14       EV: 12    Int: 17    God:
Gold:   76         SH:  0    Dex: 12    Spells: 12/16 levels left

rFire   x . .        c - +0 dagger
rCold   + . .        (no shield)
rNeg    + + +        a - +0 robe
rPois   ∞            (no helmet)
rElec   .            (no cloak)
rCorr   .            (no gloves)
SInv    .            (no boots)
Will    .....        (no amulet)
Stlth   +            (no ring)
HPRegen 0.27/turn    (no ring)
MPRegen 0.14/turn

%: faith
@: silenced, weak-willed
A: cold resistance 1, negative energy resistance 3, torment resistance 2, heat
vulnerability 1, in touch with death 1, no potions, faith
a: no special abilities


You were on level 4 of the Dungeon.
You visited 1 branch of the dungeon, and saw 4 of its levels.

You collected 76 gold pieces.

Inventory:

Hand Weapons
 c - a +0 dagger (weapon)
Missiles
 d - a javelin (quivered)
 g - 2 throwing nets
Armour
 a - a +0 robe (worn)
Scrolls
 h - a scroll of enchant armour
 j - a scroll of immolation


   Skills:
 + Level 0.7 Fighting
 - Level 1.5 Dodging
 - Level 1.5 Stealth
 + Level 5.5 Spellcasting
 + Level 5.9 Necromancy


You had 12 spell levels left.
You knew the following spells:

 Your Spells              Type           Power      Damage    Failure   Level
a - Necrotise             Necr           100%       1d9       1%          1
b - Vampiric Draining     Necr           37%        2d8       3%          3

Your spell library contained the following spells:

 Spells                   Type           Power      Damage    Failure   Level
 Animate Dead             Necr           37%        N/A       12%         4
 Agony                    Necr           37%        N/A       32%         5


Dungeon Overview and Level Annotations

Branches:
Dungeon (4/15)
 Temple: D:4-7

Altars:
Dithmenos
Fedhas


Innate Abilities, Weirdness & Mutations

You are immune to poison.
Your flesh is cold resistant. (rC+)
You are immune to negative energy. (rN+++)
You are immune to unholy pain and torment.
You are vulnerable to heat. (rF-)
You are in touch with the powers of death.
You do not drink.
You have a special connection with the divine. (Faith)


Message History

Okay, then.
Unknown command.
As you read the scroll labelled ONELIO TUWILO, it crumbles to dust.
You feel a surge of unholy energy.
It was a scroll of torment.
The plant is engulfed in blazing flames.
A nearby plant withers and dies.
The phantom hits you.
* * * LOW HITPOINT WARNING * * *
The phantom blinks!
You blink.
An iguana comes into view.
As you read the scroll labelled XAHYUR RENIGYG, it crumbles to dust.
You assume a fearsome visage.
The phantom is unaffected.
The iguana looks frightened!
The iguana hisses angrily.
It was a scroll of fear.
The phantom hits you but does no damage.
Unknown command.
As you read the scroll labelled JISINA OGOYDD, it crumbles to dust.
Magic quickly surges around you.
It was a scroll of vulnerability.
A nearby plant withers and dies.
The phantom hits you but does no damage.
A gnoll comes into view. It is wielding a +0 spear.
Unknown command.
As you read the scroll labelled SEOJOZ ONIUTE, it crumbles to dust.
A profound silence engulfs you.
It was a scroll of silence.
The phantom hits you.
* * * LOW HITPOINT WARNING * * *
The phantom blinks!
You blink.
A hobgoblin comes into view.
Unknown command.
You cannot cast spells when silenced!
The gnoll hits you with a +0 spear.
* * * LOW HITPOINT WARNING * * *
Unknown command.
You cannot cast spells when silenced!
You can't drink.
Magic scrolls do not work when you're silenced!
You aren't carrying any items that you can evoke.
Unknown command.
The gnoll hits you from afar with a +0 spear!
You die...

. # . ############ ...
##..........####
###....
##.......§......# ....#
###................
.####
#.............####.
...#### #.#...........#
##.§..# #...§.☼@W.....#
####..###).).)§.......#
# #.##))._§§§g......g..
..#.......P.........#..
......#)...(.######.# .
#........... .#
#........... #
#....##......... ..#
#........


You could see a phantom (inner flame, weak-willed), a gnoll and a hobgoblin.

Vanquished Creatures
  A centaur (D:3)
  An orc priest (D:4)
  An orc wizard (D:4)
  A gnoll (D:4)
  3 adders
  A white imp (D:4)
  2 worms
  A dart slug (D:4)
  3 orcs (D:4)
  A bat (D:1)
  9 endoplasms
  2 giant cockroaches
  6 goblins
  3 hobgoblins
  5 jackals
  3 quokkas
  5 ball pythons
  10 frilled lizards
  6 kobolds
  4 rats
68 creatures vanquished.

Vanquished Creatures (collateral kills)
  An adder (D:2)
  2 dart slugs
  A goblin (D:1)
  2 frilled lizards (D:1)
6 creatures vanquished.

Grand Total: 74 creatures vanquished

Notes
Turn   | Place    | Note
-------+----------+-------------------------------------------
     0 | D:1      | olmar the Mummy Necromancer began the quest for the Orb.
     0 | D:1      | Reached XP level 1. HP: 13/13 MP: 4/4
   268 | D:1      | Found a faded altar of an unknown god.
   291 | D:1      | Reached XP level 2. HP: 19/19 MP: 3/5
  1016 | D:2      | Gained mutation: You are in touch with the powers of death.
                  | [Mummy growth]
  1016 | D:2      | Reached XP level 3. HP: 20/24 MP: 7/7
  1335 | D:2      | Reached skill level 5 in Necromancy
  1335 | D:2      | Reached XP level 4. HP: 30/30 MP: 6/9
  1932 | D:3      | Found a shadowy altar of Dithmenos.
  2130 | D:3      | Noticed a phantom
  2252 | D:2      | Learned a level 3 spell: Vampiric Draining
  2393 | D:3      | Noticed a centaur
  2401 | D:3      | Killed a centaur
  2402 | D:3      | Reached skill level 5 in Spellcasting
  2402 | D:3      | Reached XP level 5. HP: 30/35 MP: 6/12
  2687 | D:4      | Noticed a phantom
  2706 | D:4      | Found a blossoming altar of Fedhas.
  2714 | D:4      | Reached XP level 6. HP: 9/42 MP: 4/14
  2718 | D:4      | HP: 2/42 [gnoll/+0 spear (1)]
  2719 | D:4      | Slain by a gnoll

Illustrated notes

Levels and vault maps discovered:
D:1:      psy_arrival_statuary, layout_loops_ring,
          ebering_ecumenical_altar_hall, st_stairs_7, minmay_lizard_king
D:2:      layout_basic, kennysheep_nub, hex_intersection
D:3:      layout_basic, nicolae_dithmenos_through_a_glass_darkly,
          nicolae_overflow_two_pavilions
D:4:      layout_rooms, old_standard_altar, fedhas_altar_1

Skill      XL: |  1  2  3  4 |
---------------+-------------+-----
Spellcasting   | 3 5 |  5.5
Necromancy     | 5 |  5.9
Fighting       | |  0.7
Dodging        | |  1.5
Stealth        | |  1.5

Action                     |  1- 3 |  4- 6 || total
---------------------------+-------+-------++-------
  Melee: Dagger            |    47 |    57 ||   104
         Punch             |     1 |       ||     1
  Throw: Javelin           |       |     2 ||     2
   Cast: Necrotise         |    45 |    29 ||    74
         Vampiric Draining |       |     5 ||     5
    Use: Scroll            |       |     8 ||     8
   Stab: Distracted        |       |     1 ||     1
 Armour: Robe              |    11 |    12 ||    23
  Dodge: Dodged            |    39 |    38 ||    77

Table legend: (Time is in decaauts)
 A = Elapsed time spent in this place.
 B = Non-inter-level travel time spent in this place.
 C = Inter-level travel time spent in this place.
 D = Time resting spent in this place.
 E = Time spent auto-exploring this place.
 F = Levels seen in this place.
 G = Mean time per level.
                   A        B        C        D        E       F      G
               +--------+--------+--------+--------+--------+-----+--------+
         Total |   2718 |   2638 |     80 |    186 |   1905 |   4 |  679.5 |
       Dungeon |   2718 |   2638 |     80 |    186 |   1905 |   4 |  679.5 |
               +--------+--------+--------+--------+--------+-----+--------+

Top non-repeatable levels by time:
     D:2: 1008 daAuts
     D:1: 937 daAuts
     D:3: 730 daAuts
     D:4: 42 daAuts
